 Dungeon Crawl Stone Soup version 0.26-a0-597-gb535b0901c (webtiles) character file.

Game seed: 6696102993991238986

23 Lanoc the Stinger (level 3, 0/28 HPs)
             Began as a Naga Venom Mage on Sept 9, 2020.
             Was an Initiate of Sif Muna.
             Slain by a hobgoblin (1 damage)
             ... on level 3 of the Dungeon.
             The game lasted 00:01:49 (402 turns).

Lanoc the Stinger (Naga Venom Mage)                  Turns: 402, Time: 00:01:50

Health: 0/28       AC:  2    Str: 10    XL:     3   Next: 0%
Magic:  0/6        EV: 10    Int: 16    God:    Sif Muna [......]
Gold:   65         SH:  0    Dex: 11    Spells: 5/6 levels left

rFire    . . .     SeeInvis +   (no weapon)
rCold    . . .     Faith    .   (no shield)
rNeg     . . .     Spirit   .   a - +0 robe
rPois    +         Reflect  .   (no helmet)
rElec    .         Harm     .   (no cloak)
rCorr    .                      (no gloves)
MR       .....                  (no barding)
Stlth    ++........             (no amulet)
HPRegen  0.09/turn              (no ring)
MPRegen  0.10/turn              (no ring)

@: very slow
A: large, see invisible, deformed body, poison resistance, slowness 2, spit
poison 1, AC +1
a: Spit Poison, Renounce Religion


You were on level 3 of the Dungeon.
You worshipped Sif Muna.
Sif Muna was noncommittal.
You visited 1 branch of the dungeon, and saw 3 of its levels.

You collected 65 gold pieces.

Inventory:

Armour
 a - a +0 robe (worn)
Scrolls
 b - a scroll of immolation {unknown}
 d - a scroll of enchant armour {unknown}
 e - a scroll of identify {unknown}
Potions
 c - a potion of invisibility {unknown}


   Skills:
 + Level 1.9 Dodging
 - Level 3.0 Stealth
 - Level 2.0 Spellcasting
 + Level 1.6 Transmutations
 * Level 4.8 Poison Magic


You had 5 spell levels left.
You knew the following spells:

 Your Spells              Type           Power        Failure   Level
a - Sting                 Tmut/Pois      ##..         5%          1

Your spell library contained the following spells:

 Spells                   Type           Power        Failure   Level
 Poisonous Vapours        Pois/Air       #.....       12%         2
 Ignite Poison            Fire/Tmut/Pois #.......     26%         3
 Olgreb's Toxic Radiance  Pois           ###.....     28%         4
 Mephitic Cloud           Conj/Pois/Air  #.......     32%         3


Dungeon Overview and Level Annotations

Branches:
Dungeon (3/15)

Altars:
Sif Muna


Innate Abilities, Weirdness & Mutations

You cannot wear boots.
Your serpentine skin is tough. (AC +1)
You have supernaturally acute eyesight. (SInv)
Armour fits poorly on your strangely shaped body.
Your system is resistant to poisons. (rPois)
You cover ground very slowly.
You can spit poison.


Message History

Aim: an orc, wielding a +0 club (severely wounded)
The sting hits the giant cockroach.
The giant cockroach is poisoned.
You kill the giant cockroach!
Sif Muna accepts your kill.
You have reached level 3!
Your experience leads to an increase in your attributes!
Increase (S)trength, (I)ntelligence, or (D)exterity?
You feel clever.
Your skin feels tougher.
You closely miss the hobgoblin.
You have got your breath back.
The hobgoblin hits you.
* * * LOW HITPOINT WARNING * * *
Casting: Sting (safe; 5% risk of failure)
Confirm with . or Enter, or press ? or * to list all spells.
Aiming: Sting (safe; 5% risk of failure)
Press: ? - help, Shift-Dir - straight line, f/p - orc
Aim: an orc, wielding a +0 club (heavily wounded)
The sting misses the hobgoblin.
The sting misses the orc.
The hobgoblin hits you.
You die...

######## #......# #......#
#......# #......###########
#................#
#.......##########
#................#
#.....<#########@# #......# #g#
#......# #o# ##.##### #†# #..##
#.# #...### ##.############
##.#...########............!#
...###.................)....# .
....#######..#..............##..#


You could see an orc and a hobgoblin.

Vanquished Creatures
  An ooze (D:3)
  A worm (D:2)
  3 orcs (D:3)
  A bat (D:3)
  2 giant cockroaches
  A goblin (D:2)
  A hobgoblin (D:2)
  A ball python (D:3)
  2 frilled lizards (D:3)
13 creatures vanquished.

Notes
Turn   | Place    | Note
-------+----------+-------------------------------------------
     0 | D:1      | Lanoc the Naga Venom Mage began the quest for the Orb.
     0 | D:1      | Reached XP level 1. HP: 15/15 MP: 3/3
    17 | D:2      | Found a shimmering blue altar of Sif Muna.
    25 | D:2      | Became a worshipper of Sif Muna the Loreminder
   130 | D:2      | Reached XP level 2. HP: 22/22 MP: 0/5
   398 | D:3      | Reached XP level 3. HP: 4/28 MP: 0/6
   401 | D:3      | HP: 1/28 [hobgoblin (3)]
   402 | D:3      | Slain by a hobgoblin

Illustrated notes

Levels and vault maps discovered:
D:1:      wander_arrival_desolate, layout_basic, nemelex_altar_shiori
D:2:      layout_loops_cross, lemuel_coloured_pillars_altar,
          lemuel_doored_altar, nicolae_gozag_seed_capital, uniq_natasha
D:3:      layout_rooms, nicolae_overflow_hidden_temple, minmay_misc_feat_plants,
          saegor_snake_ambush, uniq_crazy_yiuf_cottage

Action                   || total
-------------------------++-------
Melee: Unarmed           ||     3
 Cast: Sting             ||    25
 Abil: Spit Poison       ||    12
Armor: Robe              ||     5
Dodge: Dodged            ||    20

Table legend: (Time is in decaauts)
 A = Elapsed time spent in this place.
 B = Non-inter-level travel time spent in this place.
 C = Inter-level travel time spent in this place.
 D = Time resting spent in this place.
 E = Time spent auto-exploring this place.
 F = Levels seen in this place.
 G = Mean time per level.
                   A        B        C        D        E       F      G
               +--------+--------+--------+--------+--------+-----+--------+
         Total |    479 |    479 |      0 |      0 |    283 |   3 |  159.7 |
       Dungeon |    479 |    479 |      0 |      0 |    283 |   3 |  159.7 |
               +--------+--------+--------+--------+--------+-----+--------+

Top non-repeatable levels by time:
     D:3: 246 daAuts
     D:2: 230 daAuts
     D:1: 2 daAuts
